Map: Acropolis LE

Players

DarwinAwdWnr

  • Race: Zerg Zerg
  • League: Gold
  • Spawn Location: 11:00

JangPPal - Winner!

  • Race: Terran Terran
  • League: Diamond
  • Spawn Location: 5:00

VOD

Have the link to the VOD?

Description

Time

  • Played on: June 24, 2019, 8:55 a.m.
  • Length: 16:37
Show
View Real Time Build Order
Export as new Build Order

DarwinAwdWnr Zerg 

Build Orders: Hatch First, Swarm Host 

Get SALT Encoding   

  12  0:01  Drone  
  13  0:11  Drone  
  14  0:17  Overlord  
  14  0:35  Drone x2  
  16  0:57  Hatchery  
  16  1:03  Drone x3  
  18  1:08  Extractor  
  17  1:14  Drone  
  18  1:25  Spawning Pool  
  18  1:40  Drone x2  
  19  1:58  Drone  
  20  2:12  Zergling x6  
  20  2:13  Queen x2  
  27  2:16  Spine Crawler  
  26  2:23  Spine Crawler  
  25  2:41  Roach Warren  
  22  3:26  Overlord x2  
  22  3:48  Roach x2  
  26  4:01  Lair  
  26  4:09  Drone x4  
  30  4:13  Hatchery  
  29  4:27  Drone  
  30  4:41  Drone  
  31  5:10  Nydus Network  
  30  5:18  Drone  
  30  5:19  Drone x4  
  35  5:21  Infestation Pit  
  34  5:38  Hatchery  
  33  5:43  Drone x3  
  33  5:44  Drone x2  
  38  6:01  Extractor  
  37  6:09  Overlord x2  
  37  6:10  Drone x6  
  43  6:27  Overlord x3  
  43  6:33  Spore Crawler  
  43  6:39  Spore Crawler  
  41  6:41  Zergling x2, Swarm Host x3  
  41  6:42  Extractor  
  41  6:43  Overlord x2  
  41  6:44  Extractor  
  41  6:46  Swarm Host  
  52  6:47  Swarm Host  
  55  7:38  Nydus Canal  
  55  7:40  Swarm Host x6  
  73  7:47  Drone x9  
  82  7:55  Nydus Canal  
  82  8:09  Pneumatized Carapace  
  82  8:38  Swarm Host x2  
  82  8:40  Overlord x2  
  88  8:46  Drone x2  
  88  8:47  Overlord x3  
  90  8:59  Queen x3  
  90  9:18  Swarm Host  
  90  9:19  Swarm Host x8  
  100  10:11  Nydus Canal  
  100  10:40  Hatchery  
  99  10:54  Swarm Host x8  
  123  11:03  Overlord  
  123  11:04  Overlord  
  123  11:07  Overlord  
  123  11:26  Queen  
  123  11:27  Queen  
  127  11:41  Spire  
  126  12:28  Overseer x3  
  126  12:37  Drone x7  
  126  12:38  Drone x13  
  146  12:49  Queen x3  
  152  12:59  Overlord x2  
  149  13:40  Nydus Network  
  123  14:17  Hatchery  
  123  14:18  Extractor  
  123  14:19  Extractor  
  119  14:36  Queen x2  
  121  14:44  Corruptor x4  
  121  14:45  Corruptor x5  
  129  15:09  Corruptor x4  
Show
View Real Time Build Order
Export as new Build Order

JangPPal Terran - Winner!

Build Orders:  

Get SALT Encoding   

  12  0:01  SCV  
  13  0:14  Supply Depot  
  13  0:19  SCV  
  14  0:42  Barracks  
  14  0:50  Barracks  
  14  0:55  SCV  
  15  1:07  SCV  
  15  1:10  Supply Depot  
  16  1:17  Refinery  
  16  1:21  SCV  
  17  1:29  Marine  
  18  1:33  SCV  
  19  1:40  Bunker  
  19  1:41  Marine  
  20  1:54  Marine  
  20  1:55  Bunker  
  20  1:59  Marine  
  22  2:12  Marine  
  22  2:15  Orbital Command  
  23  2:17  Marine  
  24  2:30  Marine  
  24  2:34  Marine  
  26  2:43  SCV  
  27  2:45  Refinery  
  23  3:14  SCV  
  23  3:18  Factory  
  23  3:20  Command Center  
  23  3:26  SCV  
  24  3:38  SCV  
  25  3:45  Supply Depot  
  25  3:50  SCV  
  26  4:03  SCV  
  26  4:08  Factory Tech Lab  
  27  4:10  Starport  
  27  4:12  Marine  
  27  4:15  SCV  
  29  4:23  Marine  
  30  4:27  SCV  
  30  4:28  Supply Depot  
  30  4:29  Marine  
  32  4:31  Orbital Command  
  32  4:35  Siege Tank  
  35  4:39  SCV  
  35  4:40  Marine  
  36  4:47  Marine  
  36  4:51  SCV  
  38  4:58  Marine, Supply Depot  
  38  4:59  Liberator  
  39  5:06  SCV  
  40  5:07  Siege Tank  
  46  5:22  Command Center  
  46  5:28  Marine  
  47  5:31  Orbital Command  
  46  5:36  Barracks Tech Lab  
  46  5:43  Siege Tank  
  49  5:52  Marine  
  50  6:10  Marine  
  51  6:15  Siege Tank  
  54  6:21  Liberator  
  54  6:28  Marine  
  55  6:34  Marine  
  55  6:37  Orbital Command  
  59  6:41  SCV x2  
  59  6:43  Refinery  
  59  6:44  Refinery  
  59  6:46  Marine  
  62  6:51  Marine  
  62  6:53  SCV  
  64  7:00  Supply Depot  
  64  7:01  Engineering Bay, Supply Depot  
  64  7:03  Marine  
  64  7:05  SCV  
  64  7:06  SCV x2  
  68  7:09  Marine  
  68  7:12  Supply Depot  
  68  7:14  Supply Depot x2  
  69  7:24  Fusion Core  
  69  7:28  Marine x2  
  69  7:34  Siege Tank  
  69  7:36  SCV  
  73  7:38  SCV x2  
  75  7:46  Marine x2  
  75  7:49  SCV  
  75  7:50  SCV x2  
  80  8:01  SCV  
  80  8:04  Marine  
  85  8:07  SCV x2  
  84  8:13  SCV, Supply Depot  
  84  8:18  Supply Depot  
  84  8:19  SCV x2  
  84  8:34  Barracks Tech Lab x2  
  77  8:35  SCV  
  77  8:38  Factory  
  77  8:40  SCV  
  79  8:41  Factory  
  79  8:44  Armory  
  79  8:45  Factory  
  79  8:48  Armory  
  79  8:56  Marine  
  79  8:57  Siege Tank  
  83  9:05  Orbital Command  
  82  9:19  Marine x2  
  82  9:29  Siege Tank  
  82  9:30  Factory Tech Lab  
  79  9:31  Infernal Pre-Igniter, Factory Tech Lab  
  79  9:32  Factory Tech Lab  
  79  9:33  Factory Reactor  
  79  9:35  Terran Vehicle Weapons Level 1  
  79  9:42  SCV x3  
  82  9:54  SCV x3  
  82  10:06  SCV x2  
  82  10:07  Battlecruiser, SCV  
  88  10:14  Refinery  
  88  10:16  Refinery  
  88  10:18  SCV  
  88  10:19  SCV x2  
  91  10:30  SCV  
  91  10:31  SCV x2  
  94  10:39  Starport x2  
  94  10:43  SCV x3  
  94  10:46  Starport  
  97  10:55  SCV x3  
  100  11:07  SCV x3  
  100  11:09  Siege Tank x2  
  100  11:10  Sensor Tower  
  111  11:11  Hellion x2  
  111  11:12  Hellion, Liberator  
  111  11:15  Command Center  
  115  11:19  SCV x3  
  118  11:28  Command Center  
  118  11:31  SCV x3  
  126  11:33  Hellion x3  
  130  11:42  Hellion x2  
  130  11:43  SCV x2  
  130  11:46  Weapon Refit  
  136  11:50  Refinery  
  136  11:54  Hellion x2, Refinery  
  138  11:58  Sensor Tower  
  140  12:05  Supply Depot  
  140  12:06  Supply Depot x2  
  140  12:07  Supply Depot x2  
  140  12:09  Supply Depot  
  140  12:16  Starport Tech Lab x2  
  140  12:26  SCV  
  140  12:27  Cyclone, Battlecruiser, Hellion x4, SCV x2  
  140  12:28  Planetary Fortress  
  160  12:41  Sensor Tower  
  160  12:45  Battlecruiser  
  160  12:48  Hellion x2  
  160  12:49  Terran Vehicle And Ship Armor Level 1  
  170  12:53  Terran Ship Weapons Level 1  
  170  12:59  Hellion  
  170  13:00  Liberator  
  170  13:01  Planetary Fortress  
  170  13:03  Refinery  
  172  13:07  Refinery  
  172  13:12  Banshee  
  178  13:31  Battlecruiser  
  188  13:41  Hellion x3  
  188  13:42  Hellion x2  
  174  14:08  Battlecruiser x2  
  182  14:10  Hellion  
  182  14:11  Hellion x4  
  186  14:32  Hellion x5  
  170  14:53  Hellion x3  
  170  14:54  Hellion x2  
  186  15:07  Battlecruiser x2  
  186  15:12  Battlecruiser  
  198  15:15  Hellion  
  189  15:26  Battlecruiser  
  181  16:00  Hellion  
  181  16:01  Siege Tank x3, Hellion  
  194  16:05  Command Center  
  194  16:06  Command Center  
  194  16:09  Command Center x2  
Tags
 
Composition
Swarm Host
Matchup
TvZ
Replay Pack
10.7.19
Spawn Locations
Cross Positions
Add a new tag
Caveats
  • Supply blocks, unpowered buildings, or Contaminate may cause inaccurate times.
  • Supply counts are checked every 10 seconds.